 Dungeon Crawl Stone Soup version 0.21.1-1-g345015f (webtiles) character file.

44608 4thArraOfDagon the Reanimator (level 14, -18/108 HPs)
             Began as a Gnoll Necromancer on June 9, 2018.
             Was the Champion of Cheibriados.
             Demolished by a dire elephant simulacrum (22 damage)
             ... in an ice cave.
             The game lasted 00:37:17 (5077 turns).

4thArraOfDagon the Reanimator (Gnoll Necromancer)   Turns: 5077, Time: 00:37:18

Health: -18/108    AC:  8    Str: 30    XL:     14   Next: 29%
Magic:  19/28      EV: 23    Int: 42    God:    Cheibriados [******]
Gold:   506        SH:  0    Dex: 33    Spells: 21/33 levels left

rFire    + . .     SeeInvis .   f - +3 hand axe of Scorn {vamp, *Slow Str+5}
rCold    + . .     Gourm    .   (no shield)
rNeg     . . .     Faith    .   g - +0 ring mail
rPois    .         Spirit   .   (no helmet)
rElec    .         Reflect  .   (no cloak)
rCorr    .         Harm     .   (no gloves)
MR       +....                  A - +0 pair of boots
Stlth    +++++.....             (no amulet)
HPRegen  0.28/turn              e - ring of protection from cold
MPRegen  0.21/turn              u - ring of protection from fire

@: very slow
A: distributed training, fangs 1, agile 1, clever 2, strong nose
a: Bend Time, Temporal Distortion, Slouch, Step From Time, Renounce Religion


You were in an ice cave.
You worshipped Cheibriados.
Cheibriados was exalted by your worship.
You were not hungry.

You visited 4 branches of the dungeon, and saw 17 of its levels.
You also visited: Ice Cave.

You collected 506 gold pieces.

Inventory:

Hand Weapons
 f - the +3 hand axe of Scorn (weapon) {vamp, *Slow Str+5}
   (You took it off a gnoll on level 5 of the Dungeon)

   It inflicts no extra harm, but heals its wielder when it wounds a living foe.
   It affects your strength (+5).
   It may slow you when you take damage.
 o - a +0 hand axe of flaming
 C - a +1 morningstar of protection
 I - the +4 shortbow "Zyegaukij" {venom, rElec rN+ Str+3, unknown}
   (You found it on level 3 of the Lair of Beasts)

   It poisons the ammo it fires.
   It affects your strength (+3).
   It insulates you from electricity.
   It protects you from negative energy.
Armour
 a - a +0 robe
 g - a +0 ring mail (worn)
 s - a +1 ring mail of magic resistance
 x - a cursed +0 robe
 A - a +0 pair of boots (worn)
Magical Staves
 H - an uncursed staff of cold {unknown}
 J - an uncursed staff of cold {unknown}
Jewellery
 e - a ring of protection from cold (left hand)
 u - a ring of protection from fire (right hand)
Wands
 n - a wand of acid (3)
 z - a wand of paralysis (14)
 E - a wand of flame (25)
Scrolls
 h - a scroll of magic mapping
 i - 4 scrolls of amnesia
 k - 4 scrolls of teleportation
 l - 3 scrolls of remove curse
 w - 2 scrolls of enchant armour {unknown}
 y - a scroll of immolation {unknown}
 D - a scroll of random uselessness {unknown}
 F - a scroll of brand weapon {unknown}
 G - a scroll of summoning {unknown}
Potions
 d - a potion of magic {unknown}
 j - a potion of resistance
 m - a potion of flight
 p - 2 potions of berserk rage
 r - 2 potions of curing
 t - 2 potions of haste
 v - 3 potions of brilliance
Books
 b - a book of Necromancy

   Spells                             Type                      Level
   a - Pain                           Necromancy                   1
   b - Animate Skeleton               Necromancy                   1
   c - Vampiric Draining              Necromancy                   3
   d - Regeneration                   Charms/Necromancy            3
   e - Animate Dead                   Necromancy                   4
   f - Borgnjor's Vile Clutch         Necromancy/Earth             5
 q - a book of Air

   Spells                             Type                      Level
   a - Shock                          Conjuration/Air              1
   b - Swiftness                      Charms/Air                   2
   c - Static Discharge               Conjuration/Air              3
   d - Airstrike                      Air                          4
   e - Lightning Bolt                 Conjuration/Air              5
Comestibles
 c - 18 rations


   Skills:
 + Level 9.0 Fighting
 + Level 9.0 Short Blades
 + Level 9.0 Long Blades
 + Level 9.0 Axes
 + Level 9.0 Maces & Flails
 + Level 9.0 Polearms
 + Level 9.0 Staves
 + Level 9.0 Slings
 + Level 9.0 Bows
 + Level 9.0 Crossbows
 + Level 9.0 Throwing
 + Level 9.0 Armour
 + Level 10.0 Dodging
 + Level 9.9 Stealth
 + Level 9.0 Shields
 + Level 9.0 Unarmed Combat
 + Level 10.2 Spellcasting
 + Level 7.4 Conjurations
 + Level 7.4 Hexes
 + Level 7.4 Charms
 + Level 7.4 Summonings
 + Level 10.3 Necromancy
 + Level 7.4 Translocations
 + Level 7.4 Transmutations
 + Level 7.4 Fire Magic
 + Level 7.4 Ice Magic
 + Level 7.4 Air Magic
 + Level 7.4 Earth Magic
 + Level 7.4 Poison Magic
 + Level 9.7 Invocations
 + Level 9.0 Evocations


You had 21 spell levels left.
You knew the following spells:

 Your Spells              Type           Power        Failure   Level  Hunger
a - Pain                  Necr           ####         1%          1    None
b - Regeneration          Chrm/Necr      #######...   1%          3    None
c - Borgnjor's Vile Clut  Necr/Erth      #######...   1%          5    None
d - Vampiric Draining     Necr           #######...   1%          3    None


Dungeon Overview and Level Annotations

Branches:
Dungeon (9/15)             Temple (1/1) D:6            Lair (6/6) D:8
 Spider (1/4) Lair:2        Slime (0/5) Lair:6
  Swamp: Lair:2-4    Shoals: Lair:2-4       Orc: D:9-12

Altars:
Ashenzari
Cheibriados
Gozag
Hepliaklqana
Kikubaaqudgha
Makhleb
Qazlal
Sif Muna
Trog
Vehumet
Wu Jian
Yredelemnul
The Shining One
Jiyva

Annotations:
Lair:2 SPIDEr, exclusion: oklob plant
Lair:5 Josephine, Snorg
Lair:6 exclusion: upstairs


Innate Abilities, Weirdness & Mutations

Your experience applies equally to all skills.
You have very sharp teeth.
Your uncanny sense of smell can sniff out nearby items.
You are agile. (Dex +2)
Your mind is very acute. (Int +4)


Message History

Zombie hands grab the ice devil.
The zombie hands constrict the ice devil!
The zombie hands constrict the dire elephant simulacrum.
The zombie hands constrict the dire elephant simulacrum!
The zombie hands constrict the ufetubus.
You kill the ufetubus!
Cheibriados appreciates the change of pace.
The dire elephant simulacrum closely misses you.
The dire elephant simulacrum misses you.
The ice devil struggles to escape constriction.
The dire elephant simulacrum tramples you!!
* * * LOW HITPOINT WARNING * * *
The dire elephant simulacrum freezes you!
You resist.
* * * LOW HITPOINT WARNING * * *
The dire elephant simulacrum trunk-slaps you.
* * * LOW HITPOINT WARNING * * *
The dire elephant simulacrum freezes you!!
You resist.
You die...

###### ###....###
###...##...###
##...#.####...##
##...###.####...#
#...###.###Z@.###
##....####.Z###
##.#.### #§§4
##...## ##.Z
##..### ###
#..### ##...### #
###..##.####
#..#......## ∆ ∆


You could see an ice devil, a five-headed hydra simulacrum and 2 dire elephant
simulacra.

Vanquished Creatures
  4 entropy weavers (Lair:3)
  2 hydras
  3 ghost crabs (Lair:3)
  4 death yaks (Lair:4)
  A two-headed ogre (D:8)
  6 fire crabs (Lair:3)
  10 elephants
  An ice statue (IceCv)
  4 black mambas
  An apocalypse crab (Lair:3)
  20 spiny frogs
  4 komodo dragons
  3 freezing wraiths (IceCv)
  A rime drake (Lair:3)
  2 ice devils (IceCv)
  A polar bear (Lair:4)
  A jumping spider (Spider:1)
  14 blink frogs (Lair:6)
  5 tyrant leeches (Lair:6)
  4 hippogriffs
  A wraith (Lair:4)
  9 redbacks
  2 wyverns (Lair:3)
  17 yaks
  4 humans (D:6)
  2 basilisks
  6 vampire mosquitoes (Lair:6)
  A harpy simulacrum (IceCv)
  11 water moccasins
  3 porcupines
  3 orc warriors
  An ice beast (D:8)
  A sky beast (D:4)
  2 black bears
  An ogre (D:8)
  20 wolves
  2 centaurs
  12 crocodiles
  18 bullfrogs
  A scorpion (D:7)
  An electric eel (Lair:5)
  3 howler monkeys
  A crimson imp (D:5)
  A draconian simulacrum (IceCv)
  6 hounds
  2 bullfrog skeletons
  4 orc priests
  2 centaur skeletons
  2 orc wizards
  A gnoll shaman (D:5)
  An iguana (D:7)
  3 worker ants
  6 hell rats (Lair:4)
  2 polar bear simulacra (IceCv)
  A spriggan simulacrum (IceCv)
  A troll simulacrum (IceCv)
  A centaur simulacrum (IceCv)
  A worker ant zombie (D:5)
  3 gnolls (D:5)
  2 naga simulacra (IceCv)
  5 adders
  2 white imps (IceCv)
  4 ufetubi (IceCv)
  3 oozes
  An adder zombie (D:5)
  2 dart slugs
  3 leopard geckos
  13 orcs
  2 bats (D:1)
  5 giant cockroaches
  2 goblins (D:1)
  2 hobgoblins (D:1)
  2 jackals (D:6)
  2 kobolds (D:1)
  2 ball pythons
  A leopard gecko skeleton (D:5)
  2 rats (D:1)
  3 fungi
  9 plants
317 creatures vanquished.

Vanquished Creatures (collateral kills)
  A freezing wraith (IceCv)
  2 white imps (IceCv)
  An ufetubus (IceCv)
4 creatures vanquished.

Vanquished Creatures (others)
  14 fungi
  50 plants
64 creatures vanquished.

Grand Total: 385 creatures vanquished

Notes
Turn   | Place    | Note
-------+----------+-------------------------------------------
     0 | D:1      | 4thArraOfDagon the Gnoll Necromancer began the quest for the Orb.
     0 | D:1      | Reached XP level 1. HP: 13/13 MP: 6/6
    54 | D:1      | Reached XP level 2. HP: 9/19 MP: 1/7
   137 | D:1      | Gained mutation: You tend to lose your temper in combat. [potion of mutation]
   137 | D:1      | Gained mutation: You expend magic power (3 MP) to strengthen your wands. [potion of mutation]
   137 | D:1      | Gained mutation: You are somewhat resistant to further mutation. [potion of mutation]
   254 | D:3      | Found an ornate altar of the Wu Jian Council.
   268 | D:4      | Noticed a sky beast
   312 | D:4      | Killed a sky beast
   312 | D:4      | Reached skill level 1 in Fighting
   312 | D:4      | Reached skill level 1 in Short Blades
   312 | D:4      | Reached skill level 1 in Long Blades
   312 | D:4      | Reached skill level 1 in Axes
   312 | D:4      | Reached skill level 1 in Maces & Flails
   312 | D:4      | Reached skill level 1 in Polearms
   312 | D:4      | Reached skill level 1 in Staves
   312 | D:4      | Reached skill level 1 in Slings
   312 | D:4      | Reached skill level 1 in Bows
   312 | D:4      | Reached skill level 1 in Crossbows
   312 | D:4      | Reached skill level 1 in Throwing
   312 | D:4      | Reached skill level 1 in Armour
   312 | D:4      | Reached skill level 1 in Shields
   312 | D:4      | Reached skill level 1 in Unarmed Combat
   312 | D:4      | Reached skill level 5 in Spellcasting
   312 | D:4      | Reached skill level 1 in Conjurations
   312 | D:4      | Reached skill level 1 in Hexes
   312 | D:4      | Reached skill level 1 in Charms
   312 | D:4      | Reached skill level 1 in Summonings
   312 | D:4      | Reached skill level 1 in Translocations
   312 | D:4      | Reached skill level 1 in Transmutations
   312 | D:4      | Reached skill level 1 in Fire Magic
   312 | D:4      | Reached skill level 1 in Ice Magic
   312 | D:4      | Reached skill level 1 in Air Magic
   312 | D:4      | Reached skill level 1 in Earth Magic
   312 | D:4      | Reached skill level 1 in Poison Magic
   312 | D:4      | Reached skill level 1 in Invocations
   312 | D:4      | Reached skill level 1 in Evocations
   312 | D:4      | Reached XP level 3. HP: 25/26 MP: 1/9
   312 | D:4      | Reached XP level 4. HP: 31/32 MP: 1/11
   317 | D:4      | Learned a level 3 spell: Regeneration
   363 | D:4      | Reached XP level 5. HP: 16/37 MP: 5/12
   416 | D:5      | Entered Level 5 of the Dungeon
   416 | D:5      | Noticed a water moccasin
   443 | D:5      | Learned a level 5 spell: Borgnjor's Vile Clutch
   443 | D:5      | Noticed a centaur
   451 | D:5      | Killed a centaur
   451 | D:5      | Reached XP level 6. HP: 9/44 MP: 5/13
   473 | D:5      | Found a stormy altar of Qazlal.
   523 | D:6      | Learned a level 3 spell: Vampiric Draining
   524 | D:6      | Noticed an orc warrior
   668 | D:7      | Reached skill level 5 in Dodging
   699 | D:7      | Noticed an orc warrior
   763 | D:6      | why
   806 | D:6      | why
   820 | D:6      | Killed an orc warrior
   820 | D:6      | Reached XP level 7. HP: 3/50 MP: 1/15
   896 | D:6      | Found a staircase to the Ecumenical Temple.
   902 | Temple   | Entered the Ecumenical Temple
  1107 | Temple   | Became a worshipper of Cheibriados the Contemplative
  1108 | Temple   | walking simulator
  1108 | Temple   | 0.21
  1154 | D:6      | Noticed a human
  1157 | D:6      | Noticed a human
  1162 | D:6      | Noticed a human
  1180 | D:6      | Noticed a human
  1190 | D:6      | Killed a human
  1198 | D:6      | Killed a human
  1198 | D:6      | Reached skill level 5 in Stealth
  1212 | D:6      | Killed a human
  1212 | D:6      | Reached XP level 8. HP: 13/57 MP: 9/16
  1361 | D:5      | giev
  1374 | D:5      | Got a scorched hand axe {vamp}
  1376 | D:5      | Identified the +3 hand axe of Scorn {vamp, *Slow Str+5} (You took it off a gnoll on level 5 of the Dungeon)
  1380 | D:5      | nad
  1422 | D:5      | Reached * piety under Cheibriados
  1627 | D:6      | Reached XP level 9. HP: 14/65 MP: 5/18
  1708 | D:7      | Reached ** piety under Cheibriados
  2042 | D:8      | Found a staircase to the Lair.
  2071 | D:8      | Noticed a two-headed ogre
  2074 | D:8      | Killed a two-headed ogre
  2074 | D:8      | Reached skill level 5 in Invocations
  2074 | D:8      | Reached XP level 10. HP: 60/73 MP: 10/20
  2164 | Lair:1   | Entered Level 1 of the Lair of Beasts
  2164 | Lair:1   | Noticed a black mamba
  2167 | Lair:1   | Killed a black mamba
  2176 | Lair:1   | Reached *** piety under Cheibriados
  2196 | Lair:1   | Noticed a spiny frog
  2246 | Lair:1   | Reached skill level 5 in Fighting
  2246 | Lair:1   | Reached skill level 5 in Short Blades
  2246 | Lair:1   | Reached skill level 5 in Long Blades
  2246 | Lair:1   | Reached skill level 5 in Axes
  2246 | Lair:1   | Reached skill level 5 in Maces & Flails
  2246 | Lair:1   | Reached skill level 5 in Polearms
  2246 | Lair:1   | Reached skill level 5 in Staves
  2246 | Lair:1   | Reached skill level 5 in Slings
  2246 | Lair:1   | Reached skill level 5 in Bows
  2246 | Lair:1   | Reached skill level 5 in Crossbows
  2246 | Lair:1   | Reached skill level 5 in Throwing
  2246 | Lair:1   | Reached skill level 5 in Armour
  2246 | Lair:1   | Reached skill level 5 in Shields
  2246 | Lair:1   | Reached skill level 5 in Unarmed Combat
  2246 | Lair:1   | Reached skill level 5 in Evocations
  2288 | Lair:1   | Noticed a spiny frog
  2427 | Lair:2   | Noticed a black mamba
  2535 | Lair:2   | Noticed an oklob plant
  2635 | Lair:3   | Reached **** piety under Cheibriados
  2639 | Lair:3   | Reached XP level 11. HP: 72/81 MP: 8/22
  2919 | Lair:4   | Reached skill level 5 in Conjurations
  2919 | Lair:4   | Reached skill level 5 in Hexes
  2919 | Lair:4   | Reached skill level 5 in Charms
  2919 | Lair:4   | Reached skill level 5 in Summonings
  2919 | Lair:4   | Reached skill level 5 in Translocations
  2919 | Lair:4   | Reached skill level 5 in Transmutations
  2919 | Lair:4   | Reached skill level 5 in Fire Magic
  2919 | Lair:4   | Reached skill level 5 in Ice Magic
  2919 | Lair:4   | Reached skill level 5 in Air Magic
  2919 | Lair:4   | Reached skill level 5 in Earth Magic
  2919 | Lair:4   | Reached skill level 5 in Poison Magic
  2978 | Lair:4   | Reached ***** piety under Cheibriados
  3071 | Lair:4   | Lost mutation: You expend magic power (3 MP) to strengthen your wands. [potion of mutation]
  3071 | Lair:4   | Lost mutation: You tend to lose your temper in combat. [potion of mutation]
  3071 | Lair:4   | Lost mutation: You are somewhat resistant to further mutation. [potion of mutation]
  3071 | Lair:4   | Gained mutation: Your mind is acute. (Int +2) [potion of mutation]
  3071 | Lair:4   | Gained mutation: You are agile. (Dex +2) [potion of mutation]
  3071 | Lair:4   | Gained mutation: Your mind is very acute. (Int +4) [potion of mutation]
  3090 | Lair:4   | p0werm0de: wew gl man
  3139 | Lair:4   | Noticed a death yak
  3148 | Lair:4   | Killed a death yak
  3162 | Lair:4   | p0werm0de: !motto 4thArraOfDagon rules !!!
  3163 | Lair:4   | XtahuaRules: 4R!! 4-4thArraOfDagon! R-Rules! !-!!!! 4thArraOfDagon Rules !!!! 4THARRAOFDAGON RULES !!!!
  3172 | Lair:4   | p0werm0de: :P
  3181 | Lair:4   | Noticed a death yak
  3181 | Lair:4   | Noticed a death yak
  3181 | Lair:4   | Noticed a death yak
  3188 | Lair:4   | Killed a death yak
  3188 | Lair:4   | Killed a death yak
  3190 | Lair:4   | Killed a death yak
  3190 | Lair:4   | Reached XP level 12. HP: 78/89 MP: 6/24
  3326 | Lair:5   | Noticed a seven-headed hydra
  3332 | Lair:5   | Killed a seven-headed hydra
  3354 | Lair:6   | Entered Level 6 of the Lair of Beasts
  3693 | Lair:5   | Noticed Josephine
  3736 | Lair:6   | Reached ****** piety under Cheibriados
  3836 | Lair:6   | Reached XP level 13. HP: 91/98 MP: 5/26
  3854 | Lair:6   | p0werm0de: did you think about recording if you go for #1 highscore now?
  4059 | Lair:5   | Noticed Snorg
  4185 | Lair:6   | Found a viscous altar of Jiyva.
  4185 | Lair:6   | Found a staircase to the Slime Pits.
  4301 | Lair:6   | tidbits: !stalk $p
  4302 | Lair:6   | XtahuaRules: 4thArraOfDagon the L12 GnNe^Chei in Lair:6 (cxc tiles), 0:24:52, T:3736, defenses: 8/22/0, stats: 30/42/33
  4431 | Lair:4   | Reached skill level 10 in Necromancy
  4505 | Lair:3   | Found a runed door.
  4545 | Lair:3   | Noticed an entropy weaver
  4583 | Lair:3   | Killed an entropy weaver
  4691 | Lair:3   | Noticed an entropy weaver
  4696 | Lair:3   | Killed an entropy weaver
  4696 | Lair:3   | Reached skill level 10 in Spellcasting
  4700 | Lair:3   | Reached XP level 14. HP: 60/106 MP: 10/28
  4737 | Lair:3   | Noticed an entropy weaver
  4740 | Lair:3   | Killed an entropy weaver
  4777 | Lair:3   | Noticed an entropy weaver
  4782 | Lair:3   | Killed an entropy weaver
  4788 | Lair:3   | Got a slimy shortbow
  4801 | Lair:3   | Reached skill level 10 in Dodging
  4831 | Lair:2   | Found a hole to the Spider Nest.
  4861 | Spider:1 | Entered Level 1 of the Spider Nest
  4888 | Spider:1 | Found a frozen archway.
  4904 | IceCv    | Entered an ice cave
  5077 | IceCv    | HP: 4/108 [dire elephant simulacrum (3)]
  5077 | IceCv    | Demolished by a dire elephant simulacrum

Skill      XL: |  1  2  3  4  5  6  7  8  9 10 11 12 13 14 |
---------------+-------------------------------------------+-----
Fighting       | 1 2 3 4 5 6 7 8 9 |  9.0
Short Blades   | 1 2 3 4 5 6 7 8 9 |  9.0
Long Blades    | 1 2 3 4 5 6 7 8 9 |  9.0
Axes           | 1 2 3 4 5 6 7 8 9 |  9.0
Maces & Flails | 1 2 3 4 5 6 7 8 9 |  9.0
Polearms       | 1 2 3 4 5 6 7 8 9 |  9.0
Staves         | 1 2 3 4 5 6 7 8 9 |  9.0
Slings         | 1 2 3 4 5 6 7 8 9 |  9.0
Bows           | 1 2 3 4 5 6 7 8 9 |  9.0
Crossbows      | 1 2 3 4 5 6 7 8 9 |  9.0
Throwing       | 1 2 3 4 5 6 7 8 9 |  9.0
Armour         | 1 2 3 4 5 6 7 8 9 |  9.0
Shields        | 1 2 3 4 5 6 7 8 9 |  9.0
Unarmed Combat | 1 2 3 4 5 6 7 8 9 |  9.0
Spellcasting   | 5 6 7 8 9 10 | 10.2
Conjurations   | 1 2 3 4 5 6 7 |  7.4
Hexes          | 1 2 3 4 5 6 7 |  7.4
Charms         | 1 2 3 4 5 6 7 |  7.4
Summonings     | 1 2 3 4 5 6 7 |  7.4
Translocations | 1 2 3 4 5 6 7 |  7.4
Transmutations | 1 2 3 4 5 6 7 |  7.4
Fire Magic     | 1 2 3 4 5 6 7 |  7.4
Ice Magic      | 1 2 3 4 5 6 7 |  7.4
Air Magic      | 1 2 3 4 5 6 7 |  7.4
Earth Magic    | 1 2 3 4 5 6 7 |  7.4
Poison Magic   | 1 2 3 4 5 6 7 |  7.4
Invocations    | 1 2 3 4 5 6 7 8 9 |  9.7
Evocations     | 1 2 3 4 5 6 7 8 9 |  9.0
Dodging        | 5 6 7 8 9 10 | 10.0
Stealth        | 5 6 7 8 9 |  9.9
Necromancy     | 8 9 10 | 10.3

Action                   |  1- 3 |  4- 6 |  7- 9 | 10-12 | 13-15 || total
-------------------------+-------+-------+-------+-------+-------++-------
Melee: Unarmed           |    12 |    73 |   133 |       |       ||   218
       Bite              |     1 |    10 |    40 |    59 |    51 ||   161
       Punch             |       |     1 |     6 |    21 |    18 ||    46
       Hand axe          |       |       |   145 |   223 |   158 ||   526
 Cast: Pain              |    28 |    22 |       |       |       ||    50
       Regeneration      |       |     8 |     3 |     6 |    10 ||    27
       Vampiric Draining |       |     2 |    45 |    37 |    16 ||   100
       Borgnjor's Vile C |       |       |       |    49 |    59 ||   108
Invok: Temporal Distorti |       |       |       |       |     1 ||     1
Evoke: Wand              |       |       |     2 |     7 |       ||     9
       Box of beasts     |       |       |       |       |     2 ||     2
       Sack of spiders   |       |       |       |       |     2 ||     2
  Use: Potion            |     4 |     1 |       |     3 |     1 ||     9
       Scroll            |       |     7 |     1 |     6 |     6 ||    20
 Stab: Sleeping          |       |       |     4 |     2 |       ||     6
  Eat: Chunk             |       |       |     3 |     8 |     2 ||    13
       Ration            |       |       |     2 |       |     1 ||     3
Armor: Skin              |    11 |       |       |       |       ||    11
       Ring mail         |     1 |    18 |    78 |    65 |    51 ||   213
Dodge: Dodged            |    11 |    64 |   266 |   324 |   320 ||   985
